 Dungeon Crawl Stone Soup version 0.30.1-11-g7821555f0a (webtiles) character file.

Game seed: 2955568332798113863

47 jagang the Slasher (level 3, -2/30 HPs)
             Began as a Barachi Monk on Dec 20, 2023.
             Slain by a gnoll
             ... wielding a +0 halberd
              (9 damage)
             ... on level 2 of the Dungeon.
             The game lasted 00:02:54 (652 turns).

jagang the Slasher (Barachi Monk)                    Turns: 652, Time: 00:02:55

Health: -2/30      AC:  7    Str: 12    XL:     3   Next: 70%
Magic:  3/3        EV: 10    Int: 10    God:
Gold:   19         SH:  0    Dex: 22    Spells: 2/2 levels left

rFire   . . .        a - +0 falchion
rCold   . . .        d - orb {light}
rNeg    + . .        g - +0 scale mail
rPois   .            (no helmet)
rElec   .            (no cloak)
rCorr   .            (no gloves)
SInv    .            f - +0 pair of boots
Will    .....        (no amulet) Stlth
                     l - +6 ring of dexterity
HPRegen 0.25/turn    n - ring of positive energy
MPRegen 0.08/turn

%: no passive effects
@: confused, ambrosia-drunk, unable to hop, glowing, slow
A: amphibious, slowness 1, strong legs 1, +LOS
a: Hop


You were on level 2 of the Dungeon.
You visited 1 branch of the dungeon, and saw 2 of its levels.

You collected 19 gold pieces.

Inventory:

Hand Weapons
 a - a +0 falchion (weapon)
Missiles
 p - 5 atropa-tipped darts (quivered)
Armour
 d - an orb of light (worn)
 f - a +0 pair of boots (worn)
 g - a +0 scale mail (worn)
Jewellery
 b - a ring of wizardry
 l - a +6 ring of dexterity (left hand)
 n - a ring of positive energy (right hand)
Scrolls
 h - a scroll of identify {unknown}
 j - a scroll of noise {unknown}
 k - a scroll of silence {unknown}
 m - 3 scrolls of vulnerability {unknown}
 o - 2 scrolls of poison {unknown}
Potions
 e - a potion of haste {unknown}
 i - a potion of curing {unknown}


   Skills:
 + Level 4.0 Fighting
 + Level 4.2 Long Blades
 + Level 1.1 Throwing
 * Level 2.0 Armour
 - Level 3.2 Dodging


You had 2 spell levels left.
You didn't know any spells.
Your spell library was empty.

Dungeon Overview and Level Annotations

Branches:
Dungeon (2/15)

Altars:

Shops:
D:2 !


Innate Abilities, Weirdness & Mutations

You are amphibious.
You cover ground slowly.
You can hop short distances.
You have an extended range of vision and can be seen from far away.


Message History

Hop to where?
Press: ? - help, Q - select action, (/) - cycle Dir - move target, f - you
Okay, then.
The gnoll hits you but does no damage. The gnoll hits you with a +0 spear.
You hit the gnoll.
The gnoll is heavily wounded.
The gnoll hits you with a +0 spear.
You hit the gnoll.
The gnoll is severely wounded.
The gnoll hits you with a +0 spear.
You hit the gnoll but do no damage.
The gnoll is severely wounded.
A gnoll comes into view. It is wielding a +0 flail.
The gnoll hits you with a +0 spear.
You slash the gnoll!
You kill the gnoll!
The gnoll hits you but does no damage.
Your Armour skill increases to level 2!
You slash the gnoll!
The gnoll is severely wounded.
The gnoll hits you with a +0 flail!
You are too injured to fight recklessly!
You are too injured to fight recklessly!
You barely miss the gnoll.
The gnoll is severely wounded.
The gnoll closely misses you.
You hit the gnoll.
The gnoll is severely wounded.
The gnoll hits you with a +0 flail!
* * * LOW HITPOINT WARNING * * *
Hop to where?
Press: ? - help, Dir - move target Boing!
A gnoll comes into view. It is wielding a +0 halberd.
You are confused.
You feel invigorated.
The gnoll shouts!
You hear a shout!
The gnoll hits you with a +0 halberd!
You die...

.########.###8#.######
...........†.<........
....#####..8.∩.8.#.#
### #..##.###..#
##...8.)..##
###...##### #....## ##
#...##.#####..# ##..
#)g..@...#
#......####g$##
.....#..## .## ..>
.... ## . #####


You could see 2 gnolls.

Vanquished Creatures
  A gnoll (D:2)
  An adder (D:1)
  A dart slug (D:1)
  3 ball pythons
  3 endoplasms
  A giant cockroach (D:2)
  3 goblins
  2 hobgoblins (D:1)
  3 kobolds
  4 bats (D:1)
  A frilled lizard (D:1)
  2 rats
25 creatures vanquished.

Notes
Turn   | Place    | Note
-------+----------+-------------------------------------------
     0 | D:1      | jagang the Barachi Monk began the quest for the Orb.
     0 | D:1      | Reached XP level 1. HP: 18/18 MP: 1/1
   150 | D:1      | Reached XP level 2. HP: 25/25 MP: 2/2
   317 | D:1      | Reached skill level 1 in Armour
   517 | D:1      | Reached skill level 1 in Throwing
   517 | D:1      | Reached XP level 3. HP: 30/30 MP: 3/3
   616 | D:2      | Found Kaeblicref's Distillery.
   650 | D:2      | HP: 1/30 [gnoll/+0 flail (9)]
   652 | D:2      | Slain by a gnoll

Illustrated notes

Levels and vault maps discovered:
D:1:      psy_arrival_statuary, layout_rooms
D:2:      layout_rooms, serial_shops, nicolae_shop_statue_plus

Skill      XL: |  1  2  3 |
---------------+----------+-----
Long Blades    | 4 |  4.2
Armour         | 1 2 |  2.0
Fighting       | 4 |  4.0
Throwing       | 1 |  1.1
Dodging        | |  3.2

Action                     || total
---------------------------++-------
  Melee: Falchion          ||    84
Ability: Hop               ||     2
    Use: Potion            ||     1
 Armour: Robe              ||     5
         Scale mail        ||    46
  Dodge: Dodged            ||    52
